 Dungeon Crawl Stone Soup version 0.23.1 (webtiles) character file.

Game seed: 0

6539 Laiders72 the Thaumaturge (level 11, -1/81 HPs)
             Began as a Human Necromancer on Mar 2, 2019.
             Was a Priest of Kikubaaqudgha.
             Slain by a crocodile (3 damage)
             ... while petrified by a basilisk
             ... on level 1 of the Lair of Beasts on Mar 6, 2019.
             The game lasted 00:58:07 (11380 turns).

Laiders72 the Thaumaturge (Human Necromancer)      Turns: 11380, Time: 00:58:08

Health: -1/81      AC: 11    Str: 11    XL:     11   Next: 20%
Magic:  19/23      EV:  2    Int: 17    God:    Kikubaaqudgha [***...]
Gold:   563        SH:  0    Dex: 13    Spells: 4/26 levels left

rFire    . . .     SeeInvis .   B - staff of death
rCold    . . .     Gourm    .   J - +2 buckler
rNeg     + + +     Faith    .   M - +3 robe of Clouds {+Thunder rCloud rElec}
rPois    ∞         Spirit   .   p - +2 helmet
rElec    +         Reflect  .   (no cloak)
rCorr    .         Harm     .   e - +2 pair of gloves
MR       .....                  (no boots)
Stlth    ++........             (no amulet)
HPRegen  0.23/turn              a - ring of positive energy
MPRegen  0.18/turn              o - ring of poison resistance

@: petrified
A: no striking features
a: Receive Corpses, Renounce Religion, Evoke Thunderclouds


You were on level 1 of the Lair of Beasts.
You worshipped Kikubaaqudgha.
Kikubaaqudgha was most pleased with you.
You were not hungry.

You visited 3 branches of the dungeon, and saw 10 of its levels.

You collected 563 gold pieces.

Inventory:

Hand Weapons
 F - the +2 short sword of Fundamental Breach {pierce, rElec Int+5}
   (You found it on level 4 of the Dungeon)

   It inflicts extra damage upon your enemies.
   It affects your intelligence (+5).
   It insulates you from electricity.
Missiles
 g - 112 arrows
 L - 2 throwing nets (quivered)
Armour
 e - a +2 pair of gloves (worn)
 p - a +2 helmet (worn)
 J - a +2 buckler (worn)
 M - the +3 robe of Clouds (worn) {+Thunder rCloud rElec}
   (You found it on level 7 of the Dungeon)

   It insulates you from electricity.
Magical Staves
 B - an uncursed staff of death (weapon)
Jewellery
 a - a ring of positive energy (left hand)
 o - a ring of poison resistance (right hand)
 s - an uncursed ring of flight
Wands
 w - a wand of scattershot (5)
 y - a wand of polymorph (16)
 D - a wand of flame (13)
 I - a wand of acid (8)
Scrolls
 b - a scroll of blinking {unknown}
 d - a scroll of amnesia {unknown}
 f - 2 scrolls of enchant armour
 h - 2 scrolls of identify
 j - 2 scrolls of magic mapping
 l - 4 scrolls of remove curse
 n - a scroll of fog
 q - 3 scrolls of fear
 A - 4 scrolls of teleportation {unknown}
 E - a scroll of random uselessness {unknown}
 H - a scroll of enchant weapon
 O - a scroll of summoning {unknown}
Potions
 i - 4 potions of flight
 k - 2 potions of heal wounds
 m - 2 potions of ambrosia
 r - a potion of cancellation {unknown}
 t - 2 potions of berserk rage
 u - 2 potions of curing
 v - a potion of might {unknown}
 x - a potion of agility {unknown}
 z - 2 potions of invisibility {unknown}
 C - 2 potions of mutation {unknown}
 G - 2 potions of brilliance {unknown}
 N - a potion of degeneration {unknown}
Comestibles
 c - 22 rations
 K - 4 chunks of flesh


   Skills:
 + Level 5.6 Fighting
 + Level 2.7 Staves
 - Level 6.1 Dodging
 - Level 2.0 Stealth
 + Level 2.0 Shields
 - Level 8.2 Spellcasting
 + Level 3.1 Conjurations
 - Level 2.0 Charms
 - Level 8.0 Necromancy
 + Level 3.2 Fire Magic
 + Level 5.7 Evocations


You had 4 spell levels left.
You knew the following spells:

 Your Spells              Type           Power        Failure   Level  Hunger
a - Pain                  Necr           ####         1%          1    None
b - Animate Skeleton      Necr           N/A          1%          1    None
c - Vampiric Draining     Necr           ######....   1%          3    #......
d - Animate Dead          Necr           N/A          4%          4    ###....
e - Regeneration          Chrm/Necr      #####.....   4%          3    #......
f - Throw Flame           Conj/Fire      ###...       5%          2    None
g - Conjure Flame         Conj/Fire      ###.....     11%         3    #......
h - Dispel Undead         Necr           ######..     14%         5    #####..

Your spell library contained the following spells:

 Spells                   Type           Power        Failure   Level  Hunger
 Sublimation of Blood     Necr           ######....   1%          2    None
 Flame Tongue             Conj/Fire      ###..        3%          1    None
 Magic Dart               Conj           ###.         3%          1    None
 Sting                    Conj/Pois      ##..         7%          1    None
 Beastly Appendage        Tmut           #.....       13%         1    None
 Corona                   Hex            #......      13%         1    None
 Blink                    Tloc           N/A          21%         2    None
 Call Imp                 Summ           #.......     21%         2    None
 Ensorcelled Hibernation  Hex/Ice        #.....       21%         2    None
 Poisonous Vapours        Pois/Air       #.....       21%         2    None
 Slow                     Hex            #.......     21%         2    None
 Sticks to Snakes         Tmut           #.......     21%         2    None
 Dazzling Spray           Conj/Hex       ##....       21%         3    #......
 Inner Flame              Hex/Fire       ##......     21%         3    #......
 Mephitic Cloud           Conj/Pois/Air  ##......     26%         3    #......
 Sticky Flame             Conj/Fire      ###.....     34%         4    ###....
 Confuse                  Hex            #.......     36%         3    #......
 Spider Form              Tmut/Pois      #.........   36%         3    #......
 Tukima's Dance           Hex            #.......     36%         3    #......
 Ice Form                 Ice/Tmut       #.......     78%         4    ###....
 Olgreb's Toxic Radiance  Pois           #.......     78%         4    ###....
 Excruciating Wounds      Chrm/Necr      #####.....   41%         5    #####..
 Borgnjor's Vile Clutch   Necr/Erth      ####......   56%         5    #####..
 Death Channel            Necr           ######....   58%         6    ######.
 Fireball                 Conj/Fire      ###.......   67%         5    #####..
 Venom Bolt               Conj/Pois      ##........   88%         5    #####..
 Blade Hands              Tmut           #.........   98%         5    #####..
 Simulacrum               Ice/Necr       ####......   98%         6    ######.


Dungeon Overview and Level Annotations

Branches:
Dungeon (8/15)             Temple (1/1) D:6            Lair (1/6) D:8

Altars:
Ashenzari
Cheibriados
Dithmenos
Elyvilon
Fedhas
Gozag
Hepliaklqana
Kikubaaqudgha
Makhleb
Nemelex Xobeh
Okawaru
Qazlal
Ru
Sif Muna
Trog
Uskayaw
Vehumet
Wu Jian
Xom
Yredelemnul
Zin
The Shining One

Annotations:
D:8 2 runed translucent doors, ABBCCCDDDD's ghost, novice DECj


Message History

* * * LOW HITPOINT WARNING * * *
The basilisk bites you but does no damage.
The crocodile bites you.
* * * LOW HITPOINT WARNING * * *
The basilisk gazes at you. The crocodile bites you.
* * * LOW HITPOINT WARNING * * *
The basilisk bites you!
* * * LOW HITPOINT WARNING * * *
The crocodile bites you.
* * * LOW HITPOINT WARNING * * *
The basilisk bites you!
* * * LOW HITPOINT WARNING * * *
The crocodile bites you!
* * * LOW HITPOINT WARNING * * *
The basilisk bites you.
* * * LOW HITPOINT WARNING * * *
The crocodile bites you!
You die...
Kikubaaqudgha rasps: "You have failed me!
Welcome... oblivion!"

.#.....#.....## #
.#^....#......## .#
.##.#'##.....#.#######..#
........................#
.................b......#
........................#
............#P.#..##.##.#
.######.##..#.........#
.........#..#...@.....#
.#.......+..#...lt....#
.#.......# +.........# .#
.... #...†.....# .# ....
#...........# .# ...
#....#.PP.##.#.# ....
................ .#.#
#..............# .....
...............#


You could see a basilisk and a crocodile.

Vanquished Creatures
  An ugly thing (D:8)
  A spiny frog (Lair:1)
  A troll (D:8)
  A basilisk (Lair:1)
  5 yaks (Lair:1)
  A steam dragon (D:7)
  A hungry ghost (D:8)
  6 porcupines
  A sky beast (D:8)
  3 orc warriors
  An ice beast (D:7)
  A black bear (D:6)
  5 ogres
  A phantom (D:6)
  2 centaurs
  A crocodile (Lair:1)
  Blork the orc (D:6)
  6 bullfrogs
  2 gnoll sergeants
  4 scorpions
  3 wights (D:7)
  4 crimson imps
  A centaur zombie (D:6)
  A centaur skeleton (D:8)
  A jelly (D:6)
  6 orc wizards
  An orc priest (D:3)
  A bullfrog skeleton (D:8)
  3 iguanas
  12 worker ants
  Natasha (thrice) (D:3)
  A hound skeleton (D:6)
  A hound zombie (D:5)
  A worker ant zombie (D:5)
  Robin (D:2)
  14 gnolls
  9 adders
  2 shadow imps
  An adder zombie (D:8)
  An ooze (D:1)
  2 worms
  2 dart slugs
  7 leopard geckos
  32 orcs
  5 giant cockroaches
  19 goblins
  10 hobgoblins
  10 jackals
  3 quokkas
  4 ball pythons
  5 bats
  3 frilled lizards
  10 kobolds
  A quokka skeleton (D:4)
  3 rats
228 creatures vanquished.

Vanquished Creatures (collateral kills)
  A spiny frog (Lair:1)
  A yak (D:8)
  2 porcupines
  A black bear (D:8)
  A crimson imp (D:7)
  An orc wizard (D:7)
  2 iguanas
  2 orcs
  A bat (D:1)
  A jackal (D:4)
  A kobold (D:3)
14 creatures vanquished.

Vanquished Creatures (others)
  13 fungi (D:8)
  A plant (D:8)
14 creatures vanquished.

Grand Total: 256 creatures vanquished

Notes
Turn   | Place    | Note
-------+----------+-------------------------------------------
     0 | D:1      | Laiders72 the Human Necromancer began the quest for the
                  | Orb.
     0 | D:1      | Reached XP level 1. HP: 13/13 MP: 3/3
    32 | D:1      | Learned a level 1 spell: Animate Skeleton
   241 | D:1      | Reached XP level 2. HP: 5/19 MP: 0/5
   945 | D:1      | Reached XP level 3. HP: 15/24 MP: 3/6
   950 | D:1      | Learned a level 3 spell: Vampiric Draining
  1660 | D:2      | Reached XP level 4. HP: 15/30 MP: 0/7
  2379 | D:2      | Reached skill level 5 in Necromancy
  2384 | D:2      | Reached XP level 5. HP: 31/35 MP: 0/9
  2705 | D:3      | Noticed Robin
  2866 | D:3      | Learned a level 4 spell: Animate Dead
  3265 | D:2      | Killed Robin
  3516 | D:2      | Reached XP level 6. HP: 34/41 MP: 3/10
  3627 | D:3      | Noticed Natasha
  3633 | D:3      | Killed Natasha
  3759 | D:3      | Noticed Natasha
  3768 | D:3      | Killed Natasha
  3964 | D:3      | Found a shattered altar of Ashenzari.
  4067 | D:3      | Noticed Natasha
  4076 | D:3      | Killed Natasha
  4176 | D:3      | Found a blossoming altar of Fedhas.
  4650 | D:4      | Reached XP level 7. HP: 44/46 MP: 9/12
  4897 | D:4      | Got an ichor-stained short sword
  4899 | D:4      | Identified the +2 short sword of Fundamental Breach
                  | {pierce, rElec Int+5} (You found it on level 4 of the
                  | Dungeon)
  5116 | D:5      | Entered Level 5 of the Dungeon
  5200 | D:5      | Found an iron altar of Okawaru.
  5201 | D:5      | Found a bloodstained altar of Trog.
  5308 | D:5      | Reached skill level 5 in Dodging
  5321 | D:5      | Reached XP level 8. HP: 51/52 MP: 0/15
  5596 | D:5      | Found a basalt altar of Yredelemnul.
  5738 | D:5      | Reached skill level 5 in Spellcasting
  6227 | D:6      | HP: 2/52 [ogre/+0 giant club (24)]
  6411 | D:6      | Found a staircase to the Ecumenical Temple.
  6419 | D:6      | Found an opulent altar of Gozag.
  6510 | Temple   | Entered the Ecumenical Temple
  6578 | Temple   | Became a worshipper of Kikubaaqudgha
  6927 | D:6      | Reached skill level 1 in Fighting
  6927 | D:6      | Reached skill level 1 in Evocations
  7034 | D:6      | Reached XP level 9. HP: 54/59 MP: 7/18
  7231 | D:6      | Noticed Blork the orc
  7233 | D:6      | Found a radiant altar of Vehumet.
  7240 | D:6      | Killed Blork the orc
  7478 | D:7      | Learned a level 3 spell: Regeneration
  7649 | D:7      | Reached * piety under Kikubaaqudgha
  7649 | D:7      | Identified Kikubaaqudgha's Grimoire of Sinister Rituals
                  | (Kikubaaqudgha gifted it to you on level 7 of the Dungeon)
  7649 | D:7      | Received a gift from Kikubaaqudgha
  7742 | D:7      | Reached skill level 1 in Charms
  8353 | D:7      | Learned a level 2 spell: Throw Flame
  8357 | D:7      | Learned a level 3 spell: Conjure Flame
  8570 | D:7      | Found the +3 robe of Clouds {+Thunder rCloud rElec}
  8848 | D:7      | Reached XP level 10. HP: 43/70 MP: 14/21
  9064 | D:8      | Found a staircase to the Lair.
  9071 | D:8      | Reached ** piety under Kikubaaqudgha
  9181 | D:8      | Noticed a brown ugly thing
  9525 | D:8      | Killed a brown ugly thing
  9525 | D:8      | Reached skill level 1 in Conjurations
  9525 | D:8      | Reached skill level 1 in Fire Magic
  9776 | D:8      | Found a large runed translucent door.
  9776 | D:8      | Found a large runed translucent door.
  9790 | D:8      | Noticed ABBCCCDDDD's ghost (novice DECj)
 10043 | D:8      | Found a deep blue altar of Sif Muna.
 10199 | D:8      | Reached skill level 5 in Evocations
 10205 | D:8      | Reached skill level 5 in Fighting
 10217 | D:8      | Reached skill level 1 in Staves
 10830 | Lair:1   | Entered Level 1 of the Lair of Beasts
 10872 | Lair:1   | Reached XP level 11. HP: 46/80 MP: 23/23
 10876 | Lair:1   | Reached skill level 1 in Shields
 11308 | Lair:1   | Reached *** piety under Kikubaaqudgha
 11308 | Lair:1   | Identified Kikubaaqudgha's Disquisition on Evil
                  | (Kikubaaqudgha gifted it to you on level 1 of the Lair of
                  | Beasts)
 11308 | Lair:1   | Received a gift from Kikubaaqudgha
 11329 | Lair:1   | Learned a level 5 spell: Dispel Undead
 11379 | Lair:1   | HP: 4/81 [crocodile (8)]
 11380 | Lair:1   | Slain by a crocodile

Skill      XL: |  1  2  3  4  5  6  7  8  9 10 11 |
---------------+----------------------------------+-----
Necromancy     | 5 6 7 8 |  8.0
Dodging        | 3 5 6 |  6.1
Spellcasting   | 3 4 6 7 8 |  8.2
Fighting       | 1 3 5 |  5.6
Evocations     | 1 3 5 |  5.7
Charms         | 2 |  2.0
Conjurations   | 2 3 |  3.1
Fire Magic     | 2 3 |  3.2
Staves         | 1 2 |  2.7
Shields        | 2 |  2.0
Stealth        | |  2.0

Action                   |  1- 3 |  4- 6 |  7- 9 | 10-12 || total
-------------------------+-------+-------+-------+-------++-------
Melee: Unarmed           |    10 |       |       |       ||    10
       Club              |     6 |       |       |       ||     6
       Short sword       |    11 |    43 |   312 |    62 ||   428
       Dagger            |       |    88 |    58 |       ||   146
       Staff             |       |       |       |   185 ||   185
       Falchion          |       |       |       |    22 ||    22
 Cast: Pain              |    43 |    55 |    88 |    48 ||   234
       Animate Skeleton  |     5 |     5 |     6 |     4 ||    20
       Vampiric Draining |     2 |    15 |    40 |    30 ||    87
       Animate Dead      |       |     1 |     7 |     3 ||    11
       Regeneration      |       |       |     3 |     3 ||     6
       Throw Flame       |       |       |       |    13 ||    13
Evoke: Wand              |       |       |     4 |     2 ||     6
  Use: Scroll            |     1 |     4 |    15 |       ||    20
       Potion            |       |     1 |     4 |     2 ||     7
 Stab: Sleeping          |       |     1 |     1 |       ||     2
       Distracted        |       |       |     1 |       ||     1
  Eat: Ration            |     1 |       |       |     1 ||     2
       Chunk             |       |    11 |    15 |     9 ||    35
Armor: Robe              |    18 |    68 |    90 |    83 ||   259
Dodge: Dodged            |    32 |   149 |   325 |   176 ||   682
Block: Buckler           |       |       |    17 |    80 ||    97
       Rpst.: Falchion   |       |       |       |     6 ||     6
